 Dungeon Crawl Stone Soup version 0.22-a0-469-gf26638a71f (webtiles) character file.

28 Kriby the Skirmisher (level 3, -1/29 HPs)
             Began as a Human Abyssal Knight on June 12, 2018.
             Was a Follower of Lugonu.
             Slain by a gnoll
             ... wielding a +0 flail
              (6 damage)
             ... on level 2 of the Dungeon.
             The game lasted 00:01:49 (1415 turns).

Kriby the Skirmisher (Human Abyssal Knight)         Turns: 1415, Time: 00:01:50

Health: -1/29      AC:  4    Str: 13    XL:     3   Next: 27%
Magic:  4/4        EV: 11    Int: 12    God:    Lugonu [*.....]
Gold:   68         SH:  0    Dex: 12    Spells: 2/2 levels left

rFire    . . .     SeeInvis .   a - +1 hand axe
rCold    . . .     Gourm    .   (no shield)
rNeg     . . .     Faith    .   b - +0 leather armour
rPois    .         Spirit   .   (no helmet)
rElec    .         Reflect  .   h - +0 cloak
rCorr    .         Harm     .   (no gloves)
MR       .....                  (no boots)
Stlth    +.........             (no amulet)
HPRegen  0.09/turn              (no ring)
MPRegen  0.09/turn              (no ring)

@: no status effects
A: no striking features
a: Depart the Abyss, Renounce Religion


You were on level 2 of the Dungeon.
You worshipped Lugonu.
Lugonu was aware of your devotion.
You were not hungry.

You visited 1 branch of the dungeon, and saw 2 of its levels.
You visited the Abyss 1 time.

You collected 68 gold pieces.

Inventory:

Hand Weapons
 a - a +1 hand axe (weapon)
Armour
 b - a +0 leather armour (worn)
 h - a +0 cloak (worn)
Scrolls
 d - a scroll of identify {unknown}
 e - 2 scrolls of amnesia {unknown}
 i - a scroll of teleportation {unknown}
Comestibles
 c - 3 rations {@e1}


   Skills:
 + Level 3.2 Fighting
 + Level 2.3 Axes
 + Level 2.3 Armour
 + Level 1.5 Dodging
 + Level 2.4 Invocations


You had 2 spell levels left.
You didn't know any spells.
Your spell library was empty.

Dungeon Overview and Level Annotations

Branches:
Dungeon (2/15)

Altars:


Message History

a short sword; 3 stones A gnoll comes into view.
It is wielding a flail.
A gnoll is nearby!
The gnoll hits you with a flail!
You hit the gnoll but do no damage. The gnoll closely misses you.
You closely miss the gnoll. The gnoll barely misses you.
You closely miss the gnoll. The gnoll hits you with a flail.
You hit the gnoll.
The gnoll is moderately wounded.
The gnoll hits you with a flail.
You slash the gnoll!
The gnoll is severely wounded.
The gnoll hits you with a flail!
* * * LOW HITPOINT WARNING * * *
It was a potion of curing.
You feel better. The gnoll hits you with a flail.
* * * LOW HITPOINT WARNING * * *
You hit the gnoll but do no damage.
The gnoll is severely wounded.
The gnoll hits you with a flail.
You die...

.# ##.# ...## ....
##..# ... #g#
..#####@##
#........#
#.####...# #...# #
#...######.##
.####............
......<.)......###
#.........รท.......
........<......###


You could see a gnoll.

Vanquished Creatures
  A dart slug (D:1)
  A bat (D:1)
  A giant cockroach (D:1)
  5 goblins
  2 hobgoblins (D:1)
  7 kobolds
  3 frilled lizards (D:1)
  5 rats (D:1)
25 creatures vanquished.

Vanquished Creatures (others)
  A lurking horror (Abyss:1)
1 creature vanquished.

Grand Total: 26 creatures vanquished

Notes
Turn   | Place    | Note
-------+----------+-------------------------------------------
     0 | Abyss:1  | Kriby the Human Abyssal Knight began the quest for the Orb.
     0 | Abyss:1  | Reached XP level 1. HP: 18/18 MP: 2/2
    23 | Abyss:1  | Noticed a golden eye
    24 | Abyss:1  | Noticed a quasit
   304 | Abyss:1  | Noticed an ancient zyme
   321 | Abyss:1  | Noticed a small abomination
   322 | Abyss:1  | Noticed a large abomination
   331 | D:1      | Escaped the Abyss
   674 | D:1      | Reached XP level 2. HP: 22/24 MP: 3/3
   923 | D:1      | Reached * piety under Lugonu
  1069 | D:1      | Reached XP level 3. HP: 29/29 MP: 4/4
  1413 | D:2      | HP: 1/29 [gnoll/flail (9)]
  1415 | D:2      | Slain by a gnoll

Vault maps used:
D:1:      wheals_arrival_shading, serial_bayou_pond_a
D:2:      first_ration, kennysheep_generic_room_14, uniq_jessica
Abyss:1:  bh_abyss_exit_spiral

Action                   || total
-------------------------++-------
Melee: Hand axe          ||    68
Invok: Depart the Abyss  ||     1
  Use: Potion            ||     1
  Eat: Chunk             ||     2
Armor: Leather armour    ||    15
Dodge: Dodged            ||    25

Table legend:
 A = Spawn XP
 B = Non-spawn XP
 C = Spawn XP percentage of total XP
 D = Spawn monster count
 E = Non-spawn monster count
 F = Spawn count percentage of total count
 G = Total turns spent on level
                    A         B        C        D         E        F      G
               +---------+---------+-------+---------+---------+-------+---------
         Total |       0 |      40 |   0.0 |       0 |      25 |   0.0 |  1415
               +---------+---------+-------+---------+---------+-------+---------
           D:1 |       0 |      36 |   0.0 |       0 |      23 |   0.0 |  1062
           D:2 |       0 |       4 |   0.0 |       0 |       2 |   0.0 |    22
               +---------+---------+-------+---------+---------+-------+---------
